 Dungeon Crawl Stone Soup version 0.24.0-41-g2ae2f7f1be (webtiles) character file.

Game seed: 18160150595244616277, levelgen mode: deterministic

3446 DildoBatman the Merchant of Misery (level 10, -3/63 HPs)
             Began as a Formicid Wizard on Dec 12, 2019.
             Was a Believer of Kikubaaqudgha.
             Slain by a two-headed ogre
             ... wielding a +0 dire flail
              (13 damage)
             ... on level 7 of the Dungeon.
             The game lasted 00:29:41 (8007 turns).

DildoBatman the Merchant of Misery (FoWz)           Turns: 8007, Time: 00:29:41

Health: -3/63      AC:  5    Str: 12    XL:     10   Next: 26%
Magic:  7/14       EV: 12    Int: 21    God:    Kikubaaqudgha [**....]
Gold:   296        SH:  0    Dex:  9    Spells: 3/15 levels left

rFire    . . .     SeeInvis +   a - +5 trident
rCold    . . .     Gourm    .   (no shield)
rNeg     . . .     Faith    .   p - +0 robe
rPois    .         Spirit   .   (helmet unavailable)
rElec    .         Reflect  .   D - +2 cloak
rCorr    .         Harm     .   (no gloves)
MR       +....                  (no boots)
Stlth    ++........             m - amulet of magic regeneration
HPRegen  1.20/turn              (no ring)
MPRegen  0.39/turn              (no ring)

@: regenerating
A: permanent stasis, dig shafts and tunnels, four strong arms, antennae 3
a: Dig, Shaft Self, Receive Corpses, Renounce Religion


You were on level 7 of the Dungeon.
You worshipped Kikubaaqudgha.
Kikubaaqudgha was pleased with you.
You were not hungry.

You visited 2 branches of the dungeon, and saw 9 of its levels.
You also visited: Ossuary.

You collected 296 gold pieces.

Inventory:

Hand Weapons
 a - a +5 trident (weapon)
 b - a +0 shortbow of velocity
Missiles
 c - a throwing net
 e - 13 sling bullets
 l - 45 poisoned darts (quivered)
 n - 47 arrows
 z - 211 stones
Armour
 p - a +0 robe (worn)
 D - a +2 cloak (worn)
Magical Staves
 B - an uncursed staff of energy
Jewellery
 m - an amulet of magic regeneration (around neck)
 q - an uncursed ring of flight
Wands
 d - a wand of paralysis (2)
 A - a wand of iceblast (15)
Scrolls
 g - 2 scrolls of identify {unknown}
 i - 3 scrolls of blinking {unknown}
 o - 4 scrolls of enchant armour
 s - 3 scrolls of amnesia {unknown}
 u - 2 scrolls of magic mapping {unknown}
 x - 7 scrolls of remove curse
 E - a scroll of immolation {unknown}
Potions
 f - 2 potions of might {unknown}
 j - 4 potions of degeneration {unknown}
 k - 4 potions of mutation {unknown}
 r - 3 potions of cancellation {unknown}
 t - 2 potions of ambrosia
 w - 2 potions of berserk rage {unknown}
 C - 2 potions of curing {unknown}
 F - a potion of flight {unknown}
Comestibles
 v - 15 rations


   Skills:
 - Level 1.7 Dodging
 - Level 2.4 Stealth
 - Level 3.2 Spellcasting
 - Level 6.0 Conjurations
 - Level 4.0 Charms
   Level 1.0 Summonings
 - Level 8.1 Necromancy
   Level 0.8 Translocations
 * Level 5.7 Fire Magic
 * Level 4.5 Air Magic


You had 3 spell levels left.
You knew the following spells:

 Your Spells              Type           Power        Failure   Level  Hunger
a - Conjure Flame         Conj/Fire      ####....     3%          3    ###....
c - Magic Dart            Conj           ####         1%          1    None
d - Regeneration          Chrm/Necr      ####......   3%          3    ###....
e - Mephitic Cloud        Conj/Pois/Air  ###.....     9%          3    ###....
z - Sublimation of Blood  Necr           #####.....   1%          2    ##.....

Your spell library contained the following spells:

 Spells                   Type           Power        Failure   Level  Hunger
 Pain                     Necr           ####         1%          1    None
 Corpse Rot               Necr           N/A          1%          2    ##.....
 Searing Ray              Conj           ####..       1%          2    ##.....
 Dazzling Spray           Conj/Hex       ###...       12%         3    ###....
 Stone Arrow              Conj/Erth      ###...       12%         3    ###....
 Sandblast                Erth           #.....       13%         1    None
 Call Imp                 Summ           #.......     13%         2    ##.....
 Passwall                 Tmut/Erth      #.......     21%         2    ##.....
 Slow                     Hex            #.......     21%         2    ##.....
 Iskenderun's Mystic Bla  Conj           ####....     11%         4    ####...
 Force Lance              Conj/Tloc      ###.....     30%         4    ####...
 Fulminant Prism          Conj/Hex       ###.......   36%         4    ####...
 Petrify                  Tmut/Erth      #.......     78%         4    ####...
 Lee's Rapid Deconstruct  Erth           #.........   98%         5    ######.
 Blink                    Tloc           Unusable     N/A         2    N/A

Dungeon Overview and Level Annotations

Branches:
Dungeon (8/15)             Temple (1/1) D:4         Ossuary (visited)
   Lair: D:8-11

Altars:
Ashenzari
Cheibriados
Dithmenos
Elyvilon
Fedhas
Gozag
Hepliaklqana
Kikubaaqudgha
Makhleb
Nemelex Xobeh
Okawaru
Qazlal
Ru
Sif Muna
Trog
Uskayaw
Vehumet
Xom
Yredelemnul
Zin
The Shining One

Shops:
D:4 (   D:7 %


Innate Abilities, Weirdness & Mutations

You cannot be hasted, slowed, berserked, paralysed or teleported.
You can dig through walls and to a lower floor.
Your four strong arms can wield two-handed weapons with a shield.
You have a pair of large antennae on your head. (SInv)


Message History

Confirm with . or Enter, or press ? or * to list all spells.
Your skin crawls.
The two-headed ogre is engulfed in blazing flames.
You puncture the two-headed ogre!
The two-headed ogre is moderately wounded.
The two-headed ogre is engulfed in blazing flames.
The two-headed ogre completely misses you.
The two-headed ogre hits you with a +0 giant spiked club.
You closely miss the two-headed ogre.
The two-headed ogre is heavily wounded.
The two-headed ogre is engulfed in blazing flames.
The two-headed ogre hits you with a +0 dire flail!!
The two-headed ogre hits you with a +0 giant spiked club!
You barely miss the two-headed ogre.
The two-headed ogre is severely wounded.
The two-headed ogre is engulfed in blazing flames.
The two-headed ogre hits you with a +0 dire flail!
The two-headed ogre hits you with a +0 giant spiked club!
You die...
Kikubaaqudgha rasps: "You have failed me!
Welcome... death!"

##...#.##.#####........# #.#
.....#........'........#####.#
##...#..##.####..............#
.#...#.........>#O#####.#########
.##8##..##..##..#.#####.# #.....
#.###...###.##..#...#<.)# #.####
##...#.## #.....#.#.###.# #.#
#####.# ##[#.####.# ### #.#
#######....@O§.# #.#
###.##.......##### #.#
#.#.#........# #.#
#.#.....##..### #.#
#.###...#...#.# ##### #.# ##
#.......#...#.###...# ##.###.
#.##..###.#>#...#.#.####......
#####.#.)# #.###.#.#.#....######.
.........# #.###.#.#.####.######.


You could see a two-headed ogre.

Vanquished Creatures
  Pikel (D:7)
  A hippogriff (D:7)
  2 wraiths (Ossuary)
  A hungry ghost (D:7)
  Edmund (D:6)
  A phantom (D:5)
  2 ice beasts (D:7)
  4 slaves (D:7)
  2 centaurs
  4 ogres
  2 scorpions
  5 killer bees (D:5)
  4 wights (Ossuary)
  A howler monkey (D:5)
  An electric eel (D:7)
  A crimson imp (D:5)
  A bullfrog skeleton (D:4)
  2 hounds
  4 orc priests
  3 jellies
  Crazy Yiuf (D:3)
  3 orc wizards
  Terence (D:3)
  7 worker ants
  A hound skeleton (D:7)
  A worker ant zombie (D:7)
  8 gnolls (D:4)
  7 adders
  2 oozes
  An adder zombie (Ossuary)
  2 worms
  4 dart slugs
  9 leopard geckos
  26 orcs
  8 bats
  5 giant cockroaches
  12 hobgoblins
  7 jackals
  4 quokkas
  3 ball pythons
  5 frilled lizards
  7 goblins
  A hobgoblin skeleton (Ossuary)
  2 hobgoblin zombies (Ossuary)
  12 kobolds
  A kobold zombie (Ossuary)
  3 orc zombies (Ossuary)
  6 rats
192 creatures vanquished.

Vanquished Creatures (others)
  A quokka (D:7)
1 creature vanquished.

Grand Total: 193 creatures vanquished

Notes
Turn   | Place    | Note
-------+----------+-------------------------------------------
     0 | D:1      | DildoBatman the Formicid Wizard began the quest for the
                  | Orb.
     0 | D:1      | Reached XP level 1. HP: 13/13 MP: 4/4
    51 | D:1      | Reached skill level 1 in Conjurations
   297 | D:1      | Reached XP level 2. HP: 19/19 MP: 0/6
   865 | D:1      | Reached XP level 3. HP: 24/24 MP: 1/7
   870 | D:1      | Learned a level 3 spell: Conjure Flame
   874 | D:1      | Learned a level 3 spell: Mephitic Cloud
  1454 | D:2      | Reached XP level 4. HP: 20/30 MP: 0/8
  2309 | D:1      | Reached XP level 5. HP: 35/35 MP: 0/9
  2921 | D:3      | Noticed Terence
  3310 | D:4      | Found a shadowy altar of Dithmenos.
  3310 | D:4      | Found a blossoming altar of Fedhas.
  3528 | D:4      | Reached XP level 6. HP: 41/41 MP: 1/10
  3605 | D:4      | Reached skill level 1 in Fire Magic
  3735 | D:4      | Reached skill level 1 in Air Magic
  3806 | D:4      | Found Jumuisuo's Weapon Emporium.
  3833 | D:4      | Found a staircase to the Ecumenical Temple.
  3846 | Temple   | Entered the Ecumenical Temple
  3908 | Temple   | Became a worshipper of Kikubaaqudgha
  4050 | D:4      | Reached skill level 5 in Conjurations
  4506 | D:4      | Reached XP level 7. HP: 39/46 MP: 0/11
  4628 | D:4      | Found an iron altar of Okawaru.
  4793 | D:3      | Killed Terence
  4793 | D:3      | Reached * piety under Kikubaaqudgha
  4793 | D:3      | Identified Kikubaaqudgha's Catalogue of Dark Secrets
                  | (Kikubaaqudgha gifted it to you on level 3 of the Dungeon)
  4793 | D:3      | Received a gift from Kikubaaqudgha
  4798 | D:3      | Learned a level 2 spell: Sublimation of Blood
  4802 | D:3      | Learned a level 3 spell: Regeneration
  4866 | D:3      | Reached skill level 1 in Charms
  4866 | D:3      | Reached skill level 1 in Necromancy
  4929 | D:3      | Reached skill level 2 in Necromancy
  5052 | D:3      | Found a runed translucent door.
  5053 | D:3      | Noticed Crazy Yiuf
  5155 | D:3      | Killed Crazy Yiuf
  5339 | D:5      | Entered Level 5 of the Dungeon
  5349 | D:5      | Reached XP level 8. HP: 52/52 MP: 9/12
  5438 | D:5      | Reached skill level 3 in Necromancy
  5500 | D:5      | Found a snail-covered altar of Cheibriados.
  5583 | D:5      | Reached skill level 4 in Necromancy
  5644 | D:5      | Found a basalt altar of Yredelemnul.
  6154 | D:6      | Reached skill level 5 in Necromancy
  6381 | D:6      | Noticed Edmund
  6397 | D:6      | Killed Edmund
  6397 | D:6      | Reached skill level 6 in Necromancy
  6397 | D:6      | Reached XP level 9. HP: 43/57 MP: 10/13
  6669 | D:7      | Found a sand-covered staircase.
  6689 | Ossuary  | Entered an ossuary
  6760 | Ossuary  | Reached ** piety under Kikubaaqudgha
  6959 | Ossuary  | Reached skill level 7 in Necromancy
  7094 | Ossuary  | Reached skill level 8 in Necromancy
  7184 | D:7      | Found Ybecat's Food Emporium.
  7231 | D:7      | Noticed a hippogriff
  7240 | D:7      | Killed a hippogriff
  7513 | D:7      | Noticed Pikel
  7521 | D:7      | Killed Pikel
  7521 | D:7      | Reached skill level 5 in Fire Magic
  7521 | D:7      | Reached XP level 10. HP: 52/63 MP: 6/14
  7964 | D:7      | Found a sparkling altar of Nemelex Xobeh.
  7989 | D:8      | Noticed a two-headed ogre
  8007 | D:7      | Slain by a two-headed ogre

Levels and vault maps discovered:
D:1:      minmay_arrival_open_corners, layout_loops_ring
D:2:      layout_basic, first_ration
D:3:      layout_basic, uniq_terence, uniq_crazy_yiuf_cottage
D:4:      layout_basic, gammafunk_temple_overflow_wave,
          okawaru_altar_gauntlet_db, minmay_temple_entry_gardened_gates,
          serial_shops, nicolae_shop_temple_entry_statues_fountains
D:5:      layout_loops_ring, yredelemnul_altar_generic,
          overflow_temple_1_default, grunt_tough_drop
D:6:      layout_rooms, serial_bayou_pond_e, uniq_edmund
D:7:      layout_basic, chequers_ossuary_entry_cave, serial_shops,
          nicolae_shop_behind_doors, nicolae_water_bricks, grunt_ogre_cave,
          nemelex_dance_club_becter, uniq_pikel
D:8:      layout_cave_pools, kennysheep_little_box, basic_altar
Temple:   nicolae_temple_x_marks_the_god

Skill      XL: |  1  2  3  4  5  6  7  8  9 |
---------------+----------------------------+-----
Conjurations   | 1 2 3 4 5 6 |  6.0
Fire Magic     | 2 5 |  5.7
Air Magic      | 1 4 |  4.5
Charms         | 2 4 |  4.0
Necromancy     | 2 6 8 |  8.1
Dodging        | |  1.7
Stealth        | |  2.4
Spellcasting   | |  3.2
Summonings     | |  1.0
Translocations | |  0.8

Action                   |  1- 3 |  4- 6 |  7- 9 | 10-12 || total
-------------------------+-------+-------+-------+-------++-------
Melee: Unarmed           |     4 |       |       |       ||     4
       Club              |    10 |    11 |       |       ||    21
       Short sword       |       |    14 |       |       ||    14
       Halberd           |       |    12 |    74 |       ||    86
       Mace              |       |     7 |    57 |       ||    64
       Trident           |       |       |   104 |    67 ||   171
       Spear             |       |       |    11 |       ||    11
       Flail             |       |       |     8 |       ||     8
 Fire: Shortbow          |       |       |     9 |       ||     9
Throw: Stone             |       |     1 |    14 |       ||    15
       Dart              |       |       |     5 |       ||     5
 Cast: Magic Dart        |    71 |   159 |    62 |     4 ||   296
       Conjure Flame     |       |     7 |    46 |     9 ||    62
       Mephitic Cloud    |       |     4 |    21 |     3 ||    28
       Sublimation of Bl |       |       |     2 |       ||     2
       Regeneration      |       |       |     3 |     1 ||     4
 Abil: Dig               |       |     3 |     7 |     1 ||    11
  Use: Potion            |       |       |     1 |       ||     1
       Scroll            |       |       |     2 |       ||     2
 Stab: Confused          |       |       |     6 |     1 ||     7
       Sleeping          |       |       |     2 |       ||     2
  Eat: Chunk             |     1 |    12 |    14 |     3 ||    30
       Ration            |       |       |     1 |       ||     1
Armor: Robe              |     4 |     9 |    16 |     1 ||    30
Dodge: Dodged            |    24 |    47 |    77 |    12 ||   160
